 Dungeon Crawl Stone Soup version 0.26.1 (webtiles) character file.

Game seed: 5339690468192606335

102 pokeman the Magician (level 4, -3/25 HPs)
             Began as a Deep Elf Hedge Wizard on Feb 7, 2021.
             Slain by a bullfrog (7 damage)
             ... in a sewer.
             The game lasted 00:08:23 (3107 turns).

pokeman the Magician (Deep Elf Hedge Wizard)        Turns: 3107, Time: 00:08:25

Health: -3/25      AC:  3    Str: 13    XL:     4   Next: 50%
Magic:  4/13       EV: 12    Int: 20    God:
Gold:   140        SH:  0    Dex: 14    Spells: 3/14 levels left

rFire    . . .     SeeInvis .   j - +3 mace
rCold    . . .     Faith    .   (no shield)
rNeg     . . .     Spirit   .   h - +0 leather armour
rPois    .         Reflect  .   c - +0 hat
rElec    .         Harm     .   r - scarf {repulsion}
rCorr    .         Rampage  .   (no gloves)
Will     .....                  (no boots)
Stlth    +.........             (no amulet)
HPRegen  0.08/turn              p - +6 ring of strength
MPRegen  0.13/turn              (no ring)

@: repel missiles, very slow
A: no striking features
a: no special abilities


You were in a sewer.
You visited 1 branch of the dungeon, and saw 3 of its levels.
You also visited: Sewer.

You collected 140 gold pieces.

Inventory:

Hand Weapons
 j - a +3 mace (weapon)
Missiles
 a - 61 bolts
Armour
 c - a +0 hat (worn)
 h - a +0 leather armour (worn)
 r - a scarf of repulsion (worn)
Jewellery
 p - a +6 ring of strength (left hand)
Scrolls
 b - 2 scrolls of remove curse {unknown}
 d - 3 scrolls of identify {unknown}
 g - 2 scrolls of teleportation {unknown}
 i - 2 scrolls of amnesia {unknown}
 l - a scroll of random uselessness {unknown}
 m - 2 scrolls of enchant weapon {unknown}
 n - a scroll of magic mapping {unknown}
 q - 2 scrolls of fear {unknown}
Potions
 e - 2 potions of lignification {unknown}
 f - a potion of attraction {unknown}
 k - 2 potions of degeneration {unknown}
 o - a potion of heal wounds {unknown}
 s - a potion of curing {unknown}
 t - a potion of ambrosia {unknown}


   Skills:
 - Level 1.0 Fighting
 - Level 1.0 Armour
 + Level 2.8 Dodging
 - Level 2.4 Stealth
 * Level 5.8 Spellcasting
 + Level 2.2 Conjurations
 - Level 1.1 Summonings
 - Level 1.1 Translocations
 + Level 0.5 Fire Magic


You had 3 spell levels left.
You knew the following spells:

 Your Spells              Type           Power        Failure   Level
a - Magic Dart            Conj           56%          5%          1
b - Mephitic Cloud        Conj/Pois/Air  8%           30%         3
c - Call Imp              Summ           10%          13%         2
d - Blink                 Tloc           N/A          13%         2
e - Conjure Flame         Conj/Fire      11%          22%         3

Your spell library contained the following spells:

 Spells                   Type           Power        Failure   Level
 Slow                     Hex            5%           21%         2


Dungeon Overview and Level Annotations

Branches:
Dungeon (3/15)              Sewer (1/1)

Altars:
Kikubaaqudgha


Message History

You blink.
Splash!
You fall into the shallow water.
Moving in this stuff is going to be slow.
Casting: Blink (safe; 13% risk of failure)
Confirm with . or Enter, or press ? or * to list all spells.
Aiming: Magic Dart (safe; 5% risk of failure)
Press: ? - help, Shift-Dir - straight line, f/p - bullfrog
Aim: a bullfrog (severely wounded, 0% to evade)
The magic dart hits the bullfrog.
The bullfrog is almost dead.
Casting: Magic Dart (safe; 5% risk of failure)
Confirm with . or Enter, or press ? or * to list all spells.
Aiming: Magic Dart (safe; 5% risk of failure)
Press: ? - help, Shift-Dir - straight line, f/p - bullfrog
Aim: a bullfrog (almost dead, 0% to evade)
The magic dart hits the bullfrog.
The bullfrog is almost dead.
The bullfrog hits you!
You die...

####################≈###
≈≈≈≈≈≈.....≈≈≈..≈≈≈.≈..#
≈≈≈≈≈≈≈≈≈≈≈≈≈≈≈≈≈≈≈≈≈≈.#
≈≈≈≈≈≈≈≈≈≈≈≈≈≈≈≈≈≈≈≈≈≈.#
≈≈≈≈≈≈≈≈≈≈≈≈≈≈≈≈≈≈≈≈≈≈.#
≈≈.≈≈≈≈...≈≈≈≈≈≈≈≈.÷≈..#
############≈≈≈≈.##≈≈.##
#≈≈≈≈≈##≈†≈#
#.≈≈≈@##≈≈≈# #####
#.≈≈F.##.≈.#
≈≈≈≈≈###.≈≈≈.##≈≈.#
≈≈≈≈≈≈≈#.≈≈≈.##≈≈.#
≈≈≈≈≈≈≈#§≈≈≈.##.≈.#
≈≈≈≈≈≈≈≈.≈≈≈.###†##
≈≈≈≈≈≈≈≈.≈≈≈.# #.#
≈≈≈≈≈≈≈≈.≈≈≈.# #÷#
≈≈.≈≈≈≈≈.≈≈≈.# #∩#


You could see a bullfrog.

Vanquished Creatures
  3 adders
  An ooze (D:2)
  6 leopard geckos
  11 giant cockroaches
  7 hobgoblins
  A jackal (D:2)
  2 quokkas (D:2)
  5 ball pythons
  7 bats
  11 frilled lizards
  3 goblins
  4 kobolds
  5 rats
66 creatures vanquished.

Vanquished Creatures (collateral kills)
  A ball python (Sewer)
  2 giant cockroaches (Sewer)
3 creatures vanquished.

Grand Total: 69 creatures vanquished

Notes
Turn   | Place    | Note
-------+----------+-------------------------------------------
     0 | D:1      | pokeman the Deep Elf Hedge Wizard began the quest for the
                  | Orb.
     0 | D:1      | Reached XP level 1. HP: 10/10 MP: 7/7
   327 | D:1      | Reached XP level 2. HP: 15/15 MP: 5/9
   741 | D:1      | Reached skill level 5 in Spellcasting
   923 | D:1      | Reached XP level 3. HP: 20/20 MP: 8/11
   927 | D:1      | Learned a level 3 spell: Mephitic Cloud
   930 | D:1      | Learned a level 2 spell: Call Imp
   933 | D:1      | Learned a level 2 spell: Blink
   937 | D:1      | Learned a level 3 spell: Conjure Flame
  1473 | D:2      | Reached skill level 1 in Armour
  1933 | D:2      | Found an ancient bone altar of Kikubaaqudgha.
  2281 | D:3      | Reached skill level 1 in Fighting
  2281 | D:3      | Reached XP level 4. HP: 19/25 MP: 4/13
  2383 | D:3      | Found a glowing drain.
  2442 | Sewer    | Entered a sewer
  3097 | Sewer    | Noticed a bullfrog
  3107 | Sewer    | Slain by a bullfrog

Illustrated notes

Levels and vault maps discovered:
D:1:      evilmike_arrival_hilbert_curve, layout_rooms
D:2:      layout_loops_cross, lemuel_coloured_pillars_altar,
          minmay_indecisive_spiral
D:3:      layout_basic, gup_sewer_entry_glass
Sewer:    sewer_frog_island_01

Skill      XL: |  1  2  3 |
---------------+----------+-----
Spellcasting   | 5 |  5.8
Armour         | 1 |  1.0
Conjurations   | 2 |  2.2
Fighting       | 1 |  1.0
Dodging        | |  2.8
Stealth        | |  2.4
Summonings     | |  1.1
Translocations | |  1.1
Fire Magic     | |  0.5

Action                   |  1- 3 |  4- 6 || total
-------------------------+-------+-------++-------
Melee: Dagger            |    13 |       ||    13
       Mace              |    33 |       ||    33
 Cast: Magic Dart        |   107 |    57 ||   164
       Call Imp          |       |     4 ||     4
       Blink             |       |     1 ||     1
Armor: Robe              |     4 |       ||     4
       Leather armour    |    21 |     4 ||    25
Dodge: Dodged            |    46 |    18 ||    64
